AoeStats
← KUBU NITO

MegaRandom

506513831Analyzed
1v1 RM · 20d ago on Sep 13, 2026· 62m 3s· 2 players
Game mode
Random Map
Map size
Tiny (2 player)
Population
200
Speed
Normal
Resources
Standard
Victory
Conquest
Starting age
Dark Age
Ending age
Imperial Age
RankedLock teamsTeams togetherTeam positionsShared explorationLock speedFull tech treeHidden civsTurbo modeCheats
Victory
Defeat
🇫🇷 Magyars · France
889
+16
🇧🇷 Portuguese · Brazil
879
-16
KUBU NITO
0:29 Loom
12:29 Feudal Age
15:11 Double-Bit Axe
15:08 Horse Collar
16:07 Wheelbarrow
20:00 Town Watch
22:31 Castle Age
21:24 Gold Mining
21:28 Stone Mining
25:06 Fletching
29:13 Imperial Age
29:41 Bow Saw
31:06 Conscription
31:26 Bodkin Arrow
32:37 Two-Man Saw
35:23 Hand Cart
36:32 Pikeman
42:30 Bracer
42:40 Forging
42:31 Padded Archer Armor
42:32 Scale Mail Armor
42:31 Fishing Lines
44:41 Chemistry
44:19 Murder Holes
47:59 Bombard Tower
49:29 Heated Shot
50:02 Ballistics
50:09 Leather Archer Armor
50:30 Iron Casting
52:26 Halberdier
54:06 Chain Mail Armor
54:09 Siege Engineers
56:59 Arquebus
Saryle
6:30 Loom
14:23 Feudal Age
16:04 Man-at-Arms
17:14 Fishing Lines
17:24 Double-Bit Axe
17:28 Horse Collar
20:43 Scale Mail Armor
20:45 Padded Archer Armor
25:46 Castle Age
27:32 Gillnets
27:23 Pikeman
31:55 Wheelbarrow
31:39 Town Watch
32:42 Corvinian Army
33:01 Hand Cart
36:45 Bow Saw
36:38 Heavy Plow
38:31 Gold Mining
38:35 Stone Mining
42:00 Imperial Age
45:33 Halberdier
47:40 Elite Skirmisher
50:19 Elite Magyar Huszar
51:02 Cavalier
51:43 Husbandry
52:51 Scale Barding Armor
53:02 Leather Archer Armor
55:19 Capped Ram
57:07 Bloodlines
58:07 Conscription
60:53 Paladin
62:29 Chain Barding Armor
Connection lost

Rejoining the realm…

Still unreachable

The connection could not be restored.

Session expired

The server has moved on; the page needs a fresh start.